 Dungeon Crawl Stone Soup version 0.21.1-1-g345015f (webtiles) character file.

44 Kuinu the Skirmisher (level 3, -1/33 HPs)
             Began as a Minotaur Fighter on July 18, 2018.
             Slain by Crazy Yiuf
             ... wielding a +3 quarterstaff of chaos
              (14 damage)
             ... on level 2 of the Dungeon.
             The game lasted 00:04:05 (1076 turns).

Kuinu the Skirmisher (Minotaur Fighter)             Turns: 1076, Time: 00:04:06

Health: -1/33      AC:  6    Str: 21    XL:     3   Next: 39%
Magic:  2/2        EV: 17    Int:  5    God:
Gold:   59         SH:  0    Dex:  9    Spells: 2/2 levels left

rFire    + + .     SeeInvis .   (weapon currently unavailable)
rCold    + + .     Gourm    .   (shield currently unavailable)
rNeg     + + +     Faith    .   (armour currently unavailable)
rPois    ∞         Spirit   .   (helmet currently unavailable)
rElec    +         Reflect  .   (cloak currently unavailable)
rCorr    +         Harm     .   (gloves currently unavailable)
MR       .....                  (boots currently unavailable)
Stlth    +.........             (amulet currently unavailable)
HPRegen  0.11/turn              (ring currently unavailable)
MPRegen  0.08/turn              (ring currently unavailable)

@: wisp-form, flying, slowed, drained, slow
A: tiny, (retaliatory headbutt)
a: no special abilities


You were on level 2 of the Dungeon.
You were not hungry.
You were an insubstantial wisp.
You visited 1 branch of the dungeon, and saw 2 of its levels.

You collected 59 gold pieces.

Inventory:

Hand Weapons
 a - a +0 long sword (melded)
Armour
 b - a +0 scale mail (melded)
 c - a +0 shield (melded)
Jewellery
 h - a +2 ring of dexterity (melded)
 o - an uncursed ring of resist corrosion {unknown}
 p - a +1 ring of protection (melded)
Scrolls
 i - 2 scrolls of identify {unknown}
 k - a scroll of teleportation {unknown}
 m - a scroll of remove curse {unknown}
 q - a scroll of blinking {unknown}
Potions
 d - a potion of might
 e - 2 potions of heal wounds {unknown}
 g - 2 potions of resistance {unknown}
 j - 4 potions of curing {unknown}
 l - a potion of berserk rage {unknown}
 n - a potion of agility {unknown}
Comestibles
 f - 6 rations


   Skills:
 + Level 4.1(3.8) Fighting
 * Level 3.5(3.2) Long Blades
 + Level 4.0(3.8) Armour
 + Level 4.0(3.8) Shields


You had 2 spell levels left.
You didn't know any spells.

Dungeon Overview and Level Annotations

Branches:
Dungeon (2/15)

Altars:
Fedhas
Hepliaklqana
Nemelex Xobeh
Qazlal

Annotations:
D:2 Crazy Yiuf


Innate Abilities, Weirdness & Mutations

((You reflexively headbutt those who attack you in melee.))
((You have a pair of horns on your head.))


Message History

Crazy Yiuf drinks a potion.
Crazy Yiuf flickers and vanishes!
Deactivating autopickup; reactivate with Ctrl-A.
Something hits you.
You feel yourself slow down.
Your shield prevents you from hitting something.
You headbutt something! Something hits you.
You closely miss something. Something hits you.
You feel drained. You block something's attack.
Your shield and scale mail prevent you from hitting something.
You headbutt something. Something hits you. Something burns you.
Something hits you but does no damage.
You hit something. Something hits you!
You turn into an insubstantial wisp.
Your +0 long sword melds into your body.
Your +0 shield melds into your body.
Your +0 scale mail melds into your body.
Your +2 ring of dexterity melds into your body.
Your +1 ring of protection melds into your body.
You feel clumsy. Something barely misses you.
You blink.
Something hits you!
You die...

.#.##>#####.#
..#(#.#####.#
.###....)##.# ##
##......(#
.###.########
#.#.## ##.#########
####....#.########
####.).P..#..##.v.#
......)).####§'{..#
.......P## ###..)#
.....#### #####
.....# .....#
##.### ### #.# #.#
#.# #.#


There were no monsters in sight!

Vanquished Creatures
  An ooze (D:1)
  A worm (D:2)
  2 dart slugs (D:1)
  3 leopard geckos
  3 bats
  2 goblins
  4 hobgoblins
  2 jackals (D:1)
  3 kobolds
  A quokka (D:2)
  A ball python (D:1)
  A frilled lizard (D:1)
  5 rats
29 creatures vanquished.

Notes
Turn   | Place    | Note
-------+----------+-------------------------------------------
     0 | D:1      | Kuinu the Minotaur Fighter began the quest for the Orb.
     0 | D:1      | Reached XP level 1. HP: 19/19 MP: 0/0
    70 | D:1      | Reached XP level 2. HP: 22/27 MP: 1/1
   523 | D:2      | Reached XP level 3. HP: 33/33 MP: 2/2
   525 | D:2      | Found a stormy altar of Qazlal.
   529 | D:2      | Noticed Natasha
   536 | D:2      | Found a blossoming altar of Fedhas.
   610 | D:2      | Found a hazy altar of Hepliaklqana.
   644 | D:2      | Found a sparkling altar of Nemelex Xobeh.
  1065 | D:2      | Found a runed door.
  1069 | D:2      | Noticed Crazy Yiuf
  1076 | D:2      | Slain by Crazy Yiuf

Skill      XL: |  1  2  3 |
---------------+----------+-----
Long Blades    | 3 |  3.5
Fighting       | 4 |  4.1
Armour         | 4 |  4.0
Shields        | 4 |  4.0

Action                   || total
-------------------------++-------
Melee: Long sword        ||    75
       Headbutt          ||    19
  Eat: Ration            ||     1
Armor: Scale mail        ||    32
Dodge: Dodged            ||    17
Block: Shield            ||    29
       Rpst.: Long sword ||     7
